 Dungeon Crawl Stone Soup version 0.30.0 (webtiles) character file.

Game seed: 16987800766663129142

104 NinjaNoafa the Grave Robber (level 4, 0/27 (32) HPs)
             Began as a Barachi Necromancer on May 6, 2023.
             Constricted to death by a ball python (1 damage)
             ... on level 4 of the Dungeon.
             The game lasted 00:07:28 (2348 turns).

NinjaNoafa the Grave Robber (Barachi Necromancer)   Turns: 2348, Time: 00:07:28

HP:   0/27 (32)     AC:  2    Str:  9    XL:     4   Next: 80%
MP:   7/7           EV:  9    Int: 18    God:
Gold: 224           SH:  0    Dex: 12    Spells: 4/8 levels left

rFire   . . .        a - +0 short sword
rCold   . . .        (no shield)
rNeg    . . .        c - +0 robe
rPois   .            (no helmet)
rElec   .            (no cloak)
rCorr   .            (no gloves)
SInv    .            (no boots)
Will    .....        (no amulet)
Stlth   ++           (no ring)
HPRegen 0.24/turn    (no ring)
MPRegen 0.10/turn

%: no passive effects
@: unable to hop, constricted, heavily drained, slow
A: amphibious, slowness 1, strong legs 1, +LOS
a: Hop


You were on level 4 of the Dungeon.
You visited 1 branch of the dungeon, and saw 4 of its levels.

You collected 224 gold pieces.

Inventory:

Hand Weapons
 a - a +0 short sword (weapon)
 b - a +0 arbalest
Missiles
 q - 5 poisoned darts
Armour
 c - a +0 robe (worn)
Magical Staves
 r - a staff of cold
Scrolls
 e - 2 scrolls of noise
 g - 5 scrolls of identify
 h - a scroll of torment {unknown}
 i - a scroll of teleportation {unknown}
 j - 2 scrolls of blinking
 l - 2 scrolls of amnesia {unknown}
 o - a scroll of magic mapping {unknown}
Potions
 d - 2 potions of attraction
 f - a potion of cancellation {unknown}
 k - a potion of flight {unknown}
 m - 2 potions of heal wounds {unknown}
 n - a potion of magic
 p - a potion of brilliance {unknown}
 s - a potion of curing {unknown}


   Skills:
 + Level 1.4 Fighting
 + Level 2.6 Dodging
 - Level 1.7 Stealth
 + Level 2.5 Spellcasting
 - Level 5.0 Necromancy


You had 4 spell levels left.
You knew the following spells:

 Your Spells              Type           Power      Damage    Failure   Level
a - Necrotise             Necr           80%        1d8       2%          1
b - Vampiric Draining     Necr           20%        2d7       7%          3

Your spell library contained the following spells:

 Spells                   Type           Power      Damage    Failure   Level
 Animate Dead             Necr           20%        N/A       22%         4
 Agony                    Necr           20%        N/A       52%         5


Dungeon Overview and Level Annotations

Branches:
Dungeon (4/15) Zot: 21213
 Temple: D:4-7

Altars:
Elyvilon
Okawaru


Innate Abilities, Weirdness & Mutations

You are amphibious.
You cover ground slowly.
You can hop short distances.
You have an extended range of vision and can be seen from far away.


Message History

The ball python bites you but does no damage.
The ball python misses you.
A ball python comes into view.
The ball python hisses angrily.
The ball python attacks as you move away!
The ball python bites you.
* * * LOW HITPOINT WARNING * * *
The ball python bites you.
* * * LOW HITPOINT WARNING * * *
The ball python grabs you. The ball python constricts you.
The ball python barely misses you.
Unknown command.
Unknown command.
Unknown command.
Casting: Necrotise (safe; 2% risk of failure)
Confirm with . or Enter, or press ? or * to list all spells.
Aiming: Necrotise (safe; 2% risk of failure)
Press: ? - help, Shift-Dir - straight line, f - ball python
Aim: a ball python (constricting you, chance to affect: 89%)
Okay, then.
Blink to where?
Press: ? - help, Dir - move target You escape the ball python's grasp.
As you read the scroll labelled TEENTY TEMOE, it crumbles to dust.
It was a scroll of blinking.
As you read the scroll labelled GALISTRI CURIS, it crumbles to dust.
It is a scroll of identify.
e - 2 scrolls of noise The ball python bites you.
* * * LOW HITPOINT WARNING * * *
The ball python barely misses you.
Unknown command.
Okay, then.
Okay, then.
As you read the scroll of identify, it crumbles to dust.
d - 2 potions of attraction The ball python bites you.
* * * LOW HITPOINT WARNING * * *
The ball python grabs you. The ball python constricts you.
You die...

##...####z# #...zz..).#
##### #z# #....####.#
#.# ###.#..z..#
#.#######.#.#S###
#...z.z...#.#...#
###########.###.#######
#. .#$z........#
#.#####.#.######.#
#.@.# #z#... ###S#
#.##### #S# #.# #.###.#
#.z.z.# #######


You could see a wight and 2 ball pythons.

Vanquished Creatures
  Terence (D:2)
  2 adders (D:2)
  A dart slug (D:4)
  2 orcs (D:3)
  6 endoplasms
  A goblin (D:3)
  3 hobgoblins
  8 jackals
  6 kobolds
  4 quokkas
  6 ball pythons
  2 bats
  2 frilled lizards
  5 rats
49 creatures vanquished.

Vanquished Creatures (collateral kills)
  2 ball pythons
  A bat (D:2)
  A frilled lizard (D:1)
  A rat (D:1)
5 creatures vanquished.

Vanquished Creatures (others)
  7 plants (D:3)
7 creatures vanquished.

Grand Total: 61 creatures vanquished

Notes
Turn   | Place    | Note
-------+----------+-------------------------------------------
     0 | D:1      | NinjaNoafa the Barachi Necromancer began the quest for the
                  | Orb.
     0 | D:1      | Reached XP level 1. HP: 13/13 MP: 3/3
   287 | D:1      | Reached skill level 4 in Necromancy
   287 | D:1      | Reached XP level 2. HP: 19/19 MP: 1/5
   711 | D:2      | Reached XP level 3. HP: 24/24 MP: 3/6
   760 | D:2      | Noticed Terence
   795 | D:2      | Killed Terence
   823 | D:2      | Reached skill level 5 in Necromancy
   823 | D:2      | Reached XP level 4. HP: 16/31 MP: 0/7
   827 | D:2      | Learned a level 3 spell: Vampiric Draining
  1039 | D:2      | Identified the +1 chain mail "Noefol" {Dex+3}
  1393 | D:3      | Reached skill level 1 in Fighting
  1619 | D:3      | Found a white marble altar of Elyvilon.
  2114 | D:4      | Found an iron altar of Okawaru.
  2118 | D:4      | Noticed an ogre
  2348 | D:4      | HP: 1/27 [ball python (2)]
  2348 | D:4      | Constricted to death by a ball python

Illustrated notes

Levels and vault maps discovered:
D:1:      dpeg_arrival_erosion, layout_basic, hex_large
D:2:      layout_basic, minmay_diced_spiral, uniq_terence
D:3:      layout_loops_ring, mainiacjoe_overflow_boulevard, serial_bayou,
          serial_bayou_lagoon_b, serial_bayou_crossing, serial_bayou_ford_a,
          serial_bayou_lagoon_a, minmay_crystal_water
D:4:      layout_basic, mainiacjoe_overflow_catwalk, grunt_decor_arrowhead

Skill      XL: |  1  2  3  4 |
---------------+-------------+-----
Necromancy     | 4 5 |  5.0
Fighting       | 1 |  1.4
Dodging        | |  2.6
Stealth        | |  1.7
Spellcasting   | |  2.5

Action                     |  1- 3 |  4- 6 || total
---------------------------+-------+-------++-------
  Melee: Short sword       |    16 |     7 ||    23
         Unarmed           |     1 |       ||     1
   Fire: Arbalest          |       |    17 ||    17
   Cast: Necrotise         |    43 |    31 ||    74
         Vampiric Draining |       |     1 ||     1
Ability: Hop               |     2 |     2 ||     4
    Use: Scroll            |       |     3 ||     3
   Stab: Sleeping          |       |     1 ||     1
 Armour: Robe              |    10 |    14 ||    24
  Dodge: Dodged            |    22 |    54 ||    76
